Map: Ulzaan

Players

Coach

  • Race: Terran Terran
  • League: Platinum
  • Spawn Location: 1:00

CarpeDiem

  • Race: Protoss Protoss
  • League: Diamond
  • Spawn Location: 3:00

OpuS - Winner!

  • Race: Protoss Protoss
  • League: Diamond
  • Spawn Location: 11:00

Sketchaphone - Winner!

  • Race: Zerg Zerg
  • League: Gold
  • Spawn Location: 9:00

VOD

Have the link to the VOD?

Description

Time

  • Played on: Jan. 21, 2019, 6:25 p.m.
  • Length: 17:32
Show
View Real Time Build Order
Export as new Build Order

Coach Terran 

Build Orders:  

Get SALT Encoding   

  12  0:01  SCV  
  13  0:13  SCV  
  14  0:20  Supply Depot  
  14  0:25  SCV  
  15  0:41  SCV  
  16  0:44  Barracks  
  16  0:48  Refinery  
  16  0:56  SCV  
  17  1:02  Supply Depot  
  17  1:08  SCV  
  18  1:20  SCV  
  19  1:36  Orbital Command  
  19  2:00  Barracks Reactor  
  19  2:03  Command Center  
  19  2:09  Refinery  
  19  2:13  SCV  
  20  2:18  Barracks  
  20  2:25  SCV  
  21  2:36  Supply Depot  
  21  2:37  Marine x2  
  23  2:52  Barracks  
  23  2:57  Marine x2  
  23  2:58  SCV  
  25  3:06  Bunker  
  25  3:13  Factory  
  25  3:16  Marine  
  26  3:31  Engineering Bay  
  26  3:32  SCV  
  27  3:43  Orbital Command  
  27  3:44  SCV  
  28  3:50  Marine  
  28  3:55  Barracks Tech Lab  
  29  3:56  SCV  
  29  3:57  Marine  
  31  4:07  Missile Turret  
  31  4:08  SCV  
  32  4:13  Missile Turret  
  32  4:15  Marine  
  33  4:19  Marine  
  34  4:24  Marine  
  35  4:31  SCV  
  35  4:32  SCV  
  37  4:39  Stimpack  
  37  4:43  Terran Infantry Weapons Level 1, SCV  
  38  4:51  Barracks  
  38  4:56  Factory Reactor  
  38  4:57  Starport  
  38  5:13  Marine x2, SCV  
  41  5:14  Marine  
  41  5:18  Sensor Tower  
  41  5:20  Supply Depot  
  42  5:23  Supply Depot  
  42  5:24  SCV  
  43  5:28  Marine  
  44  5:40  Factory Tech Lab  
  44  5:43  Marine x2  
  44  5:44  SCV  
  44  5:45  Missile Turret  
  44  5:46  SCV  
  44  5:47  Refinery  
  48  5:50  Refinery  
  48  5:51  Marine  
  48  5:54  Medivac  
  51  6:00  Medivac  
  51  6:03  SCV x2  
  55  6:15  SCV x2  
  57  6:20  Armory  
  57  6:23  Marine x3  
  60  6:27  Medivac  
  60  6:31  Supply Depot  
  62  6:33  Supply Depot  
  62  6:34  Barracks Tech Lab  
  62  6:50  Missile Turret  
  62  6:51  Missile Turret  
  62  6:53  Marine, SCV  
  64  6:57  Marine x2  
  64  6:58  Marine  
  64  6:59  Marine  
  68  7:02  Widow Mine  
  68  7:05  SCV  
  71  7:10  Marine, Supply Depot  
  71  7:15  Factory  
  72  7:20  Combat Shield  
  72  7:25  Widow Mine  
  72  7:29  SCV  
  75  7:30  SCV  
  75  7:36  Terran Infantry Armor Level 1  
  76  7:40  Engineering Bay  
  76  7:47  Supply Depot  
  76  7:51  Widow Mine  
  78  7:55  Concussive Shells  
  78  7:57  Barracks Reactor  
  78  8:07  Drilling Claws  
  78  8:12  Widow Mine  
  80  8:13  Command Center  
  80  8:16  Factory Tech Lab  
  80  8:19  Terran Infantry Weapons Level 2  
  80  8:21  Terran Vehicle Weapons Level 1  
  80  8:23  Marine  
  80  8:24  Marine x3  
  84  8:41  Marine  
  85  8:50  Sensor Tower  
  85  8:51  Marine x2  
  85  8:53  SCV  
  85  8:54  Widow Mine x2, SCV  
  93  8:58  Supply Depot  
  93  9:03  Supply Depot  
  93  9:05  Supply Depot  
  93  9:12  Missile Turret  
  93  9:13  Missile Turret  
  93  9:20  Marauder x2  
  93  9:21  Medivac  
  93  9:22  Medivac  
  101  9:26  SCV  
  102  9:32  Widow Mine x2  
  102  9:38  Orbital Command  
  97  9:55  Marine, SCV  
  97  9:56  SCV  
  100  10:01  Marine x3  
  100  10:02  Marine  
  100  10:04  SCV  
  100  10:06  Marine  
  100  10:15  Marine  
  100  10:17  SCV  
  100  10:19  Marine x3  
  100  10:21  Marauder  
  107  10:25  Marauder  
  107  10:26  Medivac  
  111  10:31  Widow Mine x2  
  111  10:32  Marine  
  116  10:37  Marine x3  
  116  10:42  Marauder  
  121  10:46  Marine  
  122  10:50  Marine  
  122  10:54  Marine  
  122  10:55  Terran Infantry Weapons Level 3, Marine x2  
  112  10:58  SCV  
  112  11:03  Marauder  
  106  11:04  Marauder  
  106  11:08  Marine  
  98  11:12  Marine x2  
  97  11:21  Marine  
  97  11:24  Marine  
  97  11:25  Marauder, SCV  
  102  11:26  Marine  
  102  11:30  Marine, SCV  
  102  11:31  SCV  
  106  11:34  Medivac  
  106  11:38  Barracks  
  108  11:40  Barracks  
  108  11:41  Barracks, Terran Infantry Armor Level 2, Terran Vehicle Weapons Level 2  
  108  11:42  Barracks  
  108  11:43  Marauder  
  110  11:47  Marauder  
  110  11:53  Marine x4  
  94  12:04  Marauder  
  91  12:08  Marauder  
  91  12:11  Marine x4, SCV x2  
  91  12:12  SCV  
  96  12:18  Medivac x2  
  96  12:20  Widow Mine x2  
  104  12:23  SCV x2  
  104  12:25  Marauder  
  104  12:29  Marine x3  
  113  12:30  Marauder  
  113  12:31  Command Center  
  113  12:33  Marine x5  
  118  12:41  Widow Mine x2, SCV x2  
  124  12:44  Refinery x2  
  124  12:46  Marine  
  124  12:47  Marauder, Marine x2  
  124  12:50  Marine x2  
  124  12:51  Marine x3  
  133  13:06  Supply Depot  
  133  13:08  Supply Depot x2  
  133  13:10  Liberator x2  
  133  13:23  Widow Mine  
  133  13:24  Marine x2  
  133  13:25  Marine x2  
  133  13:26  Marine, SCV  
  133  13:27  Marine x4, Widow Mine, SCV  
  133  13:28  Marine  
  129  13:41  Marine x2  
  129  13:43  Marine x2  
  129  13:44  Marauder, Widow Mine  
  129  13:45  Marine x2  
  129  13:46  Marauder  
  129  13:48  Marine, SCV  
  140  13:49  Marine  
  140  13:51  SCV x2  
  140  13:53  Liberator x2  
  144  13:59  Marine  
  144  14:00  Marine  
  144  14:02  Marine  
  144  14:03  Marine  
  144  14:05  Marauder  
  144  14:07  Marauder  
  143  14:17  Marine x6  
  144  14:19  Widow Mine  
  144  14:20  Marine x2, Widow Mine  
  144  14:22  Terran Infantry Armor Level 3  
  144  14:23  Terran Vehicle Weapons Level 3  
  156  14:27  Marauder  
  156  14:28  Marine  
  156  14:29  Barracks  
  153  14:41  Marine, Widow Mine  
  153  14:42  Marine  
  148  14:45  Marine  
  148  14:46  Marine x2  
  148  14:47  SCV  
  148  14:48  Marine  
  149  14:53  Medivac x2  
  149  14:56  Marine  
  144  15:00  Marine  
  144  15:02  Marine  
  144  15:03  Marauder x2, Marine  
  150  15:09  Marine  
  150  15:10  Marine  
  152  15:18  Marine x2  
  152  15:19  Marine x2  
  155  15:23  Medivac x2  
  155  15:25  Marauder, SCV  
  162  15:28  Orbital Command  
  162  15:31  Supply Depot  
  159  15:35  Liberator x2  
  156  15:50  Marine  
  156  15:51  Marine  
  156  15:52  SCV x2  
  156  15:53  SCV  
  156  15:55  Marine  
  156  15:57  Refinery  
  168  15:59  Supply Depot  
  168  16:03  Marine  
  169  16:10  Widow Mine  
  169  16:11  Widow Mine  
  173  16:18  Marine x2  
  173  16:19  Marauder  
  176  16:31  Marine  
  176  16:32  Widow Mine x2  
  181  16:39  Marine  
  163  16:40  Marine  
  163  16:42  Marine x2  
  163  16:44  Marine x3  
  136  16:53  Widow Mine x2  
  132  16:55  Marine  
  133  17:02  Marine  
  133  17:03  Marine x6  
  133  17:04  Marine x2  
  142  17:13  Marine  
Show
View Real Time Build Order
Export as new Build Order

CarpeDiem Protoss 

Build Orders: 1 Gate Expand, Oracle Opening, Carriers 

Get SALT Encoding   

  12  0:01  Probe  
  13  0:13  Probe  
  14  0:18  Pylon  
  14  0:25  Probe  
  15  0:37  Probe  
  15  0:39  Gateway  
  16  0:47  Probe  
  17  0:50  Assimilator  
  17  0:55  Probe  
  17  1:03  Probe  
  19  1:16  Probe  
  20  1:26  Nexus  
  20  1:29  Probe  
  21  1:35  Assimilator  
  21  2:01  Cybernetics Core  
  21  2:03  Probe  
  22  2:14  Pylon  
  22  2:16  Probe  
  22  2:17  Assimilator  
  22  2:21  Assimilator  
  23  2:37  Probe  
  23  2:38  Probe  
  25  2:49  Probe  
  28  2:55  Probe  
  29  3:00  Probe  
  29  3:03  Probe, Stargate  
  30  3:08  Probe  
  30  3:11  Probe  
  30  3:16  Probe  
  30  3:17  Stargate  
  31  3:21  Probe  
  33  3:28  Probe  
  33  3:30  Stargate  
  33  3:33  Probe  
  35  3:39  Pylon  
  35  3:40  Probe  
  36  3:45  Probe  
  37  3:49  Oracle  
  37  3:52  Probe  
  41  3:57  Probe  
  41  4:01  Pylon  
  42  4:03  Oracle  
  42  4:08  Fleet Beacon  
  41  4:24  Oracle  
  34  4:25  Probe  
  35  4:34  Probe  
  35  4:35  Probe  
  39  4:44  Probe x2  
  42  4:54  Probe  
  42  4:55  Probe  
  41  5:06  Probe  
  39  5:07  Probe, Phoenix x2  
  44  5:18  Probe  
  44  5:19  Phoenix  
  47  5:25  Probe  
  48  5:32  Probe  
  49  5:37  Probe  
  49  5:39  Anion Pulse-Crystals  
  49  5:44  Probe  
  49  5:45  Phoenix x3  
  56  5:58  Probe  
  57  6:10  Phoenix x2  
  53  6:47  Nexus  
  51  6:58  Carrier x2  
  61  7:03  Pylon  
  61  7:06  Pylon  
  61  7:14  Carrier  
  61  7:26  Probe x2  
  69  7:30  Assimilator  
  69  7:34  Assimilator  
  69  7:38  Probe x2  
  71  7:50  Probe x2  
  73  8:02  Probe x2  
  75  8:13  Carrier x3  
  75  8:14  Probe x2  
  74  8:26  Probe  
  93  8:35  Pylon x2  
  93  8:53  Probe x3  
  96  8:56  Mothership  
  96  9:05  Probe  
  105  9:51  Carrier  
  105  9:55  Pylon  
  105  9:56  Pylon  
  105  10:03  Carrier, Tempest  
  112  10:46  Tempest  
  65  13:55  Void Ray x2  
Show
View Real Time Build Order
Export as new Build Order

OpuS Protoss - Winner!

Build Orders: 1 Gate Expand, Oracle Opening, Phoenix Opening 

Get SALT Encoding   

  12  0:01  Probe  
  13  0:13  Probe  
  14  0:19  Pylon  
  14  0:25  Probe  
  15  0:30  Assimilator  
  15  0:40  Probe  
  15  0:41  Gateway  
  15  0:48  Probe  
  17  1:06  Probe  
  18  1:33  Probe  
  18  1:35  Nexus  
  19  1:49  Probe, Cybernetics Core  
  20  2:01  Probe  
  21  2:05  Assimilator  
  21  2:13  Probe  
  22  2:25  Probe  
  22  2:29  Stargate  
  23  2:46  Probe  
  23  2:48  Pylon  
  23  2:50  Pylon  
  24  2:53  Probe  
  25  2:58  Probe  
  25  3:03  Warp Gate  
  25  3:05  Probe  
  26  3:11  Probe  
  30  3:12  Oracle  
  30  3:17  Probe  
  31  3:20  Stargate  
  31  3:23  Probe  
  32  3:29  Probe  
  32  3:30  Assimilator  
  33  3:34  Assimilator  
  33  3:35  Probe  
  34  3:42  Probe  
  34  3:47  Probe  
  36  3:49  Phoenix  
  36  3:54  Probe  
  39  3:58  Stalker  
  39  3:59  Probe  
  42  4:08  Probe  
  43  4:12  Probe  
  44  4:18  Phoenix  
  44  4:21  Phoenix  
  48  4:41  Forge  
  48  4:46  Pylon  
  48  4:47  Pylon  
  48  4:48  Pylon  
  48  4:49  Phoenix  
  48  5:04  Probe x2  
  48  5:06  Phoenix  
  50  5:16  Probe x2  
  50  5:19  Phoenix  
  54  5:28  Probe x2  
  58  5:40  Probe  
  58  5:41  Probe  
  57  5:46  Void Ray x2  
  63  5:50  Photon Cannon  
  63  5:53  Photon Cannon  
  63  5:55  Probe x2  
  65  5:58  Photon Cannon  
  65  6:07  Probe x2  
  67  6:23  Nexus  
  67  6:29  Photon Cannon  
  64  6:33  Photon Cannon  
  53  6:51  Void Ray x2  
  57  6:55  Probe x2  
  59  7:07  Probe  
  60  7:13  Pylon  
  60  7:19  Probe  
  60  7:20  Probe  
  62  7:25  Protoss Air Weapons Level 1  
  62  7:32  Stargate  
  62  7:34  Stargate  
  62  7:39  Probe  
  62  7:40  Probe x2  
  62  7:43  Pylon  
  65  7:45  Void Ray  
  69  7:51  Probe  
  69  7:53  Void Ray  
  69  7:56  Probe x2  
  76  8:06  Cybernetics Core  
  76  8:07  Probe  
  76  8:08  Probe x2  
  79  8:18  Void Ray  
  83  8:22  Void Ray  
  87  8:27  Probe x3  
  90  8:38  Photon Cannon  
  90  8:40  Probe  
  90  8:41  Probe x2  
  93  8:43  Protoss Air Armor Level 1  
  93  8:53  Probe x3  
  96  8:56  Void Ray  
  100  9:04  Assimilator  
  100  9:05  Probe x3, Void Ray  
  100  9:08  Assimilator  
  107  9:17  Pylon  
  107  9:19  Pylon  
  107  9:21  Pylon  
  107  9:28  Probe x2  
  109  9:31  Pylon  
  109  9:34  Fleet Beacon  
  109  9:35  Void Ray  
  113  9:41  Void Ray  
  117  9:47  Void Ray  
  117  10:03  Void Ray  
  109  10:17  Void Ray  
  113  10:28  Void Ray  
  117  10:30  Void Ray  
  109  10:46  Void Ray  
  94  11:00  Stargate, Void Ray  
  94  11:02  Stargate  
  98  11:10  Void Ray  
  101  11:13  Void Ray  
  95  11:28  Void Ray  
  90  11:41  Probe x3  
  90  11:43  Void Ray  
  89  11:52  Void Ray  
  89  11:53  Probe x3, Void Ray  
  100  11:56  Void Ray  
  100  12:05  Probe x3  
  99  12:11  Void Ray  
  103  12:17  Probe x3, Assimilator, Void Ray  
  110  12:26  Void Ray  
  110  12:29  Probe x2  
  117  12:30  Probe  
  117  12:41  Probe, Fleet Beacon  
  117  12:44  Pylon  
  118  12:45  Pylon  
  118  12:47  Pylon  
  118  12:49  Pylon  
  114  12:51  Pylon  
  110  13:03  Void Ray x2  
  110  13:04  Robotics Facility  
  106  13:26  Void Ray x2  
  114  13:37  Void Ray x2  
  121  13:55  Void Ray  
  121  13:56  Void Ray  
  129  14:09  Void Ray  
  129  14:19  Void Ray x2  
  129  14:45  Carrier  
  119  14:57  Carrier  
  119  14:59  Nexus  
  125  15:09  Observer  
  132  15:28  Carrier  
  132  15:31  Observer  
  133  15:47  Carrier  
  133  15:49  Probe x3  
  142  15:52  Pylon, Observer  
  142  15:55  Pylon  
  143  15:57  Gateway  
  143  15:58  Gateway  
  143  16:01  Probe  
  143  16:03  Gateway x2  
  144  16:07  Twilight Council, Gateway  
  144  16:10  Gateway  
  144  16:12  Carrier, Gateway  
  144  16:13  Observer  
  144  16:17  Pylon  
  140  17:04  Assimilator  
  140  17:08  Assimilator  
Show
View Real Time Build Order
Export as new Build Order

Sketchaphone Zerg - Winner!

Build Orders: Hatch First 

Get SALT Encoding   

  12  0:01  Drone  
  13  0:14  Overlord  
  13  0:19  Drone  
  14  0:32  Drone x2  
  16  0:37  Drone  
  17  1:09  Hatchery  
  17  1:10  Spawning Pool  
  15  1:13  Extractor  
  15  1:14  Drone  
  15  1:25  Drone  
  16  1:28  Drone  
  17  1:37  Drone  
  17  1:39  Drone  
  19  1:47  Drone  
  20  1:59  Zergling x2  
  21  2:08  Overlord  
  21  2:16  Metabolic Boost  
  21  2:21  Queen  
  23  2:29  Overlord  
  23  2:30  Zergling x2  
  23  2:31  Drone  
  23  2:32  Queen  
  23  2:33  Drone  
  28  2:42  Overlord  
  28  2:44  Zergling x2  
  29  2:53  Drone  
  29  2:54  Drone  
  30  3:05  Overlord  
  30  3:14  Overlord  
  30  3:16  Drone x2  
  32  3:23  Drone  
  33  3:30  Drone  
  34  3:35  Drone  
  34  3:36  Drone  
  34  3:40  Hatchery  
  35  3:43  Roach Warren  
  35  3:46  Drone x2  
  36  3:57  Drone x4  
  36  3:58  Drone  
  41  4:06  Queen  
  43  4:19  Spore Crawler  
  43  4:22  Spore Crawler  
  41  4:38  Drone  
  41  4:39  Overlord x2, Extractor  
  43  4:48  Lair  
  41  5:03  Roach  
  43  5:09  Drone x8  
  43  5:10  Overlord  
  51  5:16  Evolution Chamber  
  51  5:18  Queen, Evolution Chamber  
  51  5:22  Extractor  
  51  5:23  Drone x2  
  51  5:24  Overlord x2  
  51  5:26  Drone  
  51  5:28  Roach x3  
  59  5:48  Zerg Missile Weapons Level 1  
  59  5:50  Zerg Ground Armor Level 1  
  59  5:51  Hydralisk Den  
  59  5:54  Glial Reconstitution  
  58  6:08  Spore Crawler  
  58  6:09  Overlord  
  57  6:13  Extractor  
  57  6:14  Drone x4  
  60  6:20  Grooved Spines  
  60  6:30  Roach, Hydralisk  
  60  6:31  Hydralisk x2  
  68  6:39  Extractor  
  67  6:40  Drone x2  
  67  6:41  Drone  
  67  6:43  Overlord  
  67  6:44  Overlord  
  67  6:45  Hydralisk x3  
  76  7:07  Drone x3  
  76  7:08  Extractor  
  78  7:10  Overlord, Hydralisk x3  
  78  7:12  Overlord, Hatchery  
  83  7:22  Pneumatized Carapace  
  83  7:24  Overseer  
  83  7:32  Muscular Augments  
  83  7:41  Hydralisk x4  
  91  7:46  Hydralisk  
  92  8:06  Hydralisk x3  
  92  8:08  Overlord x2  
  92  8:12  Zerg Missile Weapons Level 2  
  96  8:21  Ravager  
  96  8:26  Hydralisk  
  99  8:27  Roach x2  
  99  8:28  Roach  
  105  8:36  Infestation Pit  
  104  8:53  Overlord  
  104  8:54  Lurker Den  
  103  9:03  Queen  
  105  9:15  Zerg Ground Armor Level 2  
  105  9:17  Pathogen Glands  
  105  9:26  Overlord  
  105  9:27  Overlord x2  
  99  9:48  Overlord, Drone x5  
  99  9:49  Overlord  
  99  9:51  Overlord  
  104  9:57  Queen  
  104  10:23  Hydralisk x8  
  111  10:36  Roach x5  
  121  10:47  Lurker  
  121  10:49  Lurker  
  123  10:57  Roach x6  
  105  11:11  Roach x5  
  111  11:13  Roach  
  111  11:16  Drone  
  112  11:42  Queen  
  106  12:04  Hydralisk x5  
  106  12:05  Hydralisk x7  
  126  12:11  Zerg Melee Weapons Level 1  
  126  12:14  Hive  
  126  12:28  Hydralisk  
  126  12:29  Hydralisk x2  
  131  12:34  Ravager  
  132  12:38  Hydralisk x3  
  132  12:43  Drone x2  
  140  13:00  Overseer  
  138  13:10  Overlord x2  
  106  13:36  Roach x5  
  106  13:37  Roach x8  
  121  13:55  Hydralisk x6  
  122  14:12  Hatchery  
  122  14:16  Ravager  
  122  14:19  Hydralisk x4  
  122  14:20  Roach  
  122  14:21  Roach  
  120  14:57  Hatchery  
  90  15:07  Adaptive Talons  
  90  15:10  Hydralisk  
  90  15:11  Hydralisk x3  
  100  15:14  Lurker x3  
  100  15:16  Roach  
  100  15:17  Roach x5  
  105  15:46  Hydralisk x7  
  119  16:01  Spire  
  118  16:10  Overseer  
  118  16:14  Drone x2  
  120  16:19  Drone x3  
  96  17:13  Hatchery  
  96  17:14  Drone x2  
Tags
 
Add a new tag
Caveats
  • Supply blocks, unpowered buildings, or Contaminate may cause inaccurate times.
  • Supply counts are checked every 10 seconds.